 Dungeon Crawl Stone Soup version 0.21.0-3-g78d12a8 (webtiles) character file.

5619 grindst0ne the Fighter (level 10, -2/91 HPs)
             Began as a Demonspawn Chaos Knight on Jan 10, 2018.
             Succumbed to a spiny frog's poison
             ... on level 1 of the Lair of Beasts.
             The game lasted 00:17:32 (8146 turns).

grindst0ne the Fighter (Demonspawn Chaos Knight)    Turns: 8146, Time: 00:17:32

Health: -2/91      AC: 16    Str: 22    XL:     10   Next: 45%
Magic:  1/10       EV:  8    Int: 16    God:    Xom [*.....]
Gold:   454        SH:  4    Dex: 12    Spells: 7/9 levels left

rFire    + . .     SeeInvis .   A - +0 battleaxe
rCold    + . .     Gourm    .   (shield currently unavailable)
rNeg     . . .     Faith    .   F - +0 plate armour
rPois    +         Spirit   +   (no helmet)
rElec    +         Reflect  +   (no cloak)
rCorr    +         Harm     .   p - +0 pair of gloves
MR       .....                  m - +0 pair of boots
Stlth    ..........             P - +4 amulet of reflection
HPRegen  0.25/turn              i - +2 ring of evasion
MPRegen  0.24/turn              (no ring)

@: mighty, brilliant, lethally poisoned (-2 -> -29), resistant, flying, very
slightly contaminated, invisible
A: talons 2, molten scales 2, deterioration 1, dopey 1, powered by death 1,
shaggy fur 1, magic shield, magic regeneration
a: Renounce Religion


You were on level 1 of the Lair of Beasts.
You worshipped Xom.
You were a special plaything of Xom.
You were not hungry.

You visited 2 branches of the dungeon, and saw 9 of its levels.
You also visited: Sewer.

You collected 454 gold pieces.

Inventory:

Hand Weapons
 a - a +0 hand axe of chaos
 e - a +2 scimitar of flaming
 s - a +1 hand axe of venom
 A - a +0 battleaxe (weapon)
Missiles
 H - 2 throwing nets (quivered)
Armour
 b - a +2 leather armour
 j - a +1 leather armour of cold resistance
 m - a +0 pair of boots (worn)
 p - a +0 pair of gloves (worn)
 B - a +0 chain mail
 F - a +0 plate armour (worn)
Jewellery
 i - a +2 ring of evasion (left hand)
 N - an uncursed ring of stealth {unknown}
 P - a +4 amulet of reflection (around neck)
Wands
 y - a wand of flame (60)
 C - a wand of digging (15)
 I - a wand of polymorph (20)
Scrolls
 f - 3 scrolls of teleportation
 g - 2 scrolls of blinking {unknown}
 h - 3 scrolls of remove curse
 k - a scroll of immolation {unknown}
 l - a scroll of enchant weapon {unknown}
 n - 2 scrolls of amnesia {unknown}
 o - 2 scrolls of fog {unknown}
 q - 2 scrolls of fear {unknown}
 t - a scroll of random uselessness {unknown}
 J - 2 scrolls of enchant armour {unknown}
 K - 2 scrolls of noise {unknown}
 O - 2 scrolls of magic mapping {unknown}
Potions
 d - a potion of cancellation
 r - a potion of brilliance
 w - a potion of ambrosia
 z - a potion of flight
 L - a potion of invisibility
 M - a potion of might
Books
 D - a book of Minor Magic

   Spells                             Type                      Level
   a - Magic Dart                     Conjuration                  1
   b - Blink                          Translocation                2
   c - Call Imp                       Summoning                    2
   d - Slow                           Hexes                        2
   e - Conjure Flame                  Conjuration/Fire             3
   f - Mephitic Cloud                 Conjuration/Poison/Air       3
Comestibles
 c - 17 rations
 Q - 6 chunks of flesh


   Skills:
 * Level 12.8 Fighting
 + Level 8.8 Axes
 - Level 1.7 Armour
 - Level 0.8 Dodging


You had 7 spell levels left.
You knew the following spells:

 Your Spells              Type           Power        Failure   Level  Hunger
a - Blink                 Tloc           N/A          61%         2    ###....


Dungeon Overview and Level Annotations

Branches:
Dungeon (8/15)             Temple (0/1) D:4            Lair (1/6) D:8

Altars:
Ashenzari
Cheibriados
Dithmenos
Elyvilon
Fedhas
Hepliaklqana
Kikubaaqudgha
Makhleb
Okawaru
Sif Muna
Uskayaw
Xom
Yredelemnul
Zin

Annotations:
D:7 exclusion: downstairs


Innate Abilities, Weirdness & Mutations

You have razor-sharp toenails.
You are mostly covered in molten scales. (AC +3)
You regenerate a little health from kills.
When hurt, damage is shared between your health and your magic reserves.
You regenerate magic rapidly.
Your body sometimes deteriorates upon taking damage.
You are dopey. (Int -2)
You are covered in fur. (AC +1)


Message History

You slice the spiny frog!!
You kill the spiny frog!
* * * LOW HITPOINT WARNING * * *
You feel very sick.
You bump into the stone wall.
You feel less invigorated.
* * * LOW HITPOINT WARNING * * *
You feel very sick. The yak barely misses you.
You barely miss the yak.
You feel less confused.
* * * LOW HITPOINT WARNING * * *
You feel very sick. The yak gores you!
* * * LOW HITPOINT WARNING * * *
The yak gores you.
You catch the helpless yak completely off-guard!
You hit the yak.
The yak is lightly wounded.
You die...
Xom chuckles heartily!

* #### ##### *
P##########.P#######P.#..
,, ,
....YYYY@................
.$.YY#########.##........
, ...,
,.........#......#. , .,
, ,.........#.....## , ,
, ........#......# , *
........#......## ,
#####.###.#.......# ,
,,..[........#.#.##.# , ,
...>.......#....#.#


You could see 6 yaks.

Vanquished Creatures
  Erica (D:8)
  A death yak (D:7)
  Joseph (D:7)
  A spiny frog (Lair:1)
  A rime drake (Lair:1)
  A hippogriff (D:8)
  A naga (D:5)
  Menkaure (D:5)
  A water moccasin (Lair:1)
  2 orc warriors
  2 sky beasts
  4 ogres
  2 ice beasts
  4 phantoms
  2 centaurs (D:7)
  A crocodile (Sewer)
  A big kobold (D:8)
  A bullfrog (D:7)
  A scorpion (D:5)
  5 killer bees (D:7)
  5 wights (D:7)
  The ghost of Mourdos the Skirmisher, a weakling OpFi (D:3)
  A howler monkey (D:4)
  A crimson imp (D:6)
  A bullfrog zombie (D:6)
  2 orc priests
  A bullfrog skeleton (D:6)
  3 hounds
  Jessica (D:2)
  An iguana (D:5)
  2 worker ants
  5 orc wizards
  A hound skeleton (D:4)
  4 gnolls (D:7)
  7 adders
  A howler monkey skeleton (D:5)
  2 river rats (D:4)
  2 adder zombies
  2 adder skeletons
  5 worms
  3 dart slugs
  5 leopard geckos
  16 orcs
  2 ball pythons
  2 bat skeletons (D:2)
  A bat zombie (D:2)
  3 giant cockroaches
  10 hobgoblins
  11 jackals
  5 quokkas
  A ball python skeleton (D:3)
  A ball python zombie (D:2)
  12 bats
  10 frilled lizards
  9 goblins
  A jackal zombie (D:2)
  10 kobolds
  4 leopard gecko skeletons
  2 leopard gecko zombies (D:2)
  A quokka skeleton (D:4)
  13 rats
204 creatures vanquished.

Vanquished Creatures (collateral kills)
  An ogre (D:6)
  An iguana (D:4)
  A worker ant (D:6)
  A shadow imp (D:4)
  A worm (D:4)
  A quokka (D:4)
6 creatures vanquished.

Grand Total: 210 creatures vanquished

Notes
Turn   | Place    | Note
-------+----------+-------------------------------------------
     0 | D:1      | grindst0ne the Demonspawn Chaos Knight began the quest for the Orb.
     0 | D:1      | Reached XP level 1. HP: 18/18 MP: 1/1
    47 | D:1      | Gained mutation: You have sharp toenails. [demonic ancestry]
    47 | D:1      | Reached XP level 2. HP: 22/24 MP: 2/2
   178 | D:1      | XOM: divination: detect creatures
   225 | D:1      | XOM: cloud trail
   240 | D:1      | XOM: noise
   249 | D:1      | XOM: divination: magic mapping
   279 | D:1      | Reached XP level 3. HP: 24/30 MP: 3/3
   383 | D:1      | Reached skill level 4 in Fighting
   616 | D:1      | XOM: divination: detect items
   898 | D:2      | Gained mutation: You regenerate a little health from kills. [demonic ancestry]
   898 | D:2      | Reached XP level 4. HP: 16/38 MP: 4/4
  1197 | D:2      | Noticed Jessica
  1205 | D:2      | Killed Jessica
  1289 | D:2      | XOM: swap monsters
  1290 | D:2      | XOM: confuse monster(s)
  1651 | D:3      | Reached skill level 5 in Fighting
  1686 | D:3      | Reached XP level 5. HP: 44/44 MP: 5/5
  1707 | D:3      | Noticed Mourdos's ghost (weakling OpFi)
  1733 | D:3      | Killed Mourdos's ghost
  1854 | D:3      | XOM: mild Pois miscast
  1981 | D:3      | XOM: mild Fire miscast
  2389 | D:3      | Found an iron altar of Okawaru.
  2548 | D:4      | Found a staircase to the Ecumenical Temple.
  2565 | D:4      | Noticed an ogre
  2576 | D:4      | Killed an ogre
  2576 | D:4      | Reached skill level 6 in Fighting
  2576 | D:4      | Gained mutation: You have razor-sharp toenails. [demonic ancestry]
  2576 | D:4      | Reached XP level 6. HP: 52/52 MP: 6/6
  2742 | D:4      | XOM: summons 3 hostile demons
  2771 | D:4      | XOM: confuse monster(s)
  2840 | D:4      | Found a glowing drain.
  2848 | Sewer    | Entered a sewer
  2885 | Sewer    | Gained mutation: When hurt, damage is shared between your health and your magic reserves. [demonic ancestry]
  2885 | Sewer    | Reached XP level 7. HP: 25/59 MP: 7/7
  3042 | D:4      | Reached skill level 7 in Fighting
  3055 | D:4      | XOM: confuse monster(s)
  3062 | D:4      | Reached skill level 5 in Axes
  3260 | D:5      | Entered Level 5 of the Dungeon
  3319 | D:5      | XOM: summons 5 friendly demons
  3360 | D:5      | XOM: enchant monster (good)
  3373 | D:5      | XOM: polymorph centaur -> naga
  3392 | D:5      | XOM: confusion (+ monsters)
  3398 | D:5      | Reached skill level 8 in Fighting
  3401 | D:5      | Gained mutation: You are partially covered in molten scales. (AC +2) [demonic ancestry]
  3401 | D:5      | Reached XP level 8. HP: 23/68 MP: 5/8
  3493 | D:5      | XOM: mild Conj miscast
  3901 | D:5      | XOM: scenery: create altars
  4084 | D:5      | XOM: medium Necr miscast
  4107 | D:5      | Noticed Menkaure
  4107 | D:5      | XOM: noise
  4112 | D:5      | Killed Menkaure
  4123 | D:5      | Learned a level 2 spell: Blink
  4198 | D:5      | XOM: stat loss: -1 Str (15/16)
  4362 | D:5      | XOM: harmless Summ miscast
  4597 | D:6      | Reached skill level 9 in Fighting
  4623 | D:6      | Found a hide-covered altar of Uskayaw.
  4644 | D:6      | HP: 3/71 [ogre/giant spiked club (7)]
  5040 | D:6      | Found a shattered altar of Ashenzari.
  5452 | D:7      | Reached skill level 10 in Fighting
  5453 | D:7      | Gained mutation: You regenerate magic rapidly. [demonic ancestry]
  5453 | D:7      | Reached XP level 9. HP: 78/78 MP: 6/9
  5596 | D:7      | XOM: harmless Hex miscast
  5784 | D:7      | XOM: mild Tloc miscast
  5791 | D:7      | XOM: harmless Necr miscast
  5841 | D:7      | Noticed Joseph
  5857 | D:7      | XOM: silly message
  5861 | D:7      | Killed Joseph
  6080 | D:7      | Reached skill level 11 in Fighting
  6140 | D:7      | XOM: silly message
  6163 | D:7      | XOM: divination: detect creatures
  6680 | D:7      | XOM: noise
  6934 | D:8      | XOM: harmless Tloc miscast
  6969 | D:8      | XOM: medium Hex miscast
  7094 | D:8      | Noticed a death yak
  7095 | D:8      | Found a staircase to the Lair.
  7097 | D:8      | Noticed a death yak
  7097 | D:8      | Noticed a death yak
  7100 | D:8      | XOM: confusion
  7109 | D:8      | XOM: summons 3 hostile shadow creatures
  7120 | D:8      | XOM: mild Air miscast
  7130 | D:7      | XOM: summons friendly shadow imp
  7142 | D:7      | Killed a death yak
  7142 | D:7      | Reached skill level 12 in Fighting
  7142 | D:7      | Reached XP level 10. HP: 31/89 MP: 3/10
  7153 | D:7      | XOM: god gift: glowing ruby potion {god gift}
  7392 | D:8      | XOM: give mutation
  7392 | D:8      | Gained mutation: You are frail. (-10% HP) [Xom's mischief]
  7395 | D:8      | XOM: harmless Tloc miscast
  7467 | D:8      | XOM: enchant monster (bad)
  7506 | D:8      | Found a burning altar of Makhleb.
  7508 | D:8      | Found a glowing silver altar of Zin.
  7514 | D:8      | Found a basalt altar of Yredelemnul.
  7515 | D:8      | Found a white marble altar of Elyvilon.
  7515 | D:8      | Found an ancient bone altar of Kikubaaqudgha.
  7515 | D:8      | Found a hazy altar of Hepliaklqana.
  7515 | D:8      | Found a deep blue altar of Sif Muna.
  7515 | D:8      | Found a blossoming altar of Fedhas.
  7517 | D:8      | Found a snail-covered altar of Cheibriados.
  7519 | D:8      | Found a shadowy altar of Dithmenos.
  7520 | D:8      | Found an iron altar of Okawaru.
  7613 | D:8      | Noticed Erica
  7613 | D:8      | XOM: scenery: 1 doors open, 3 doors close
  7618 | D:8      | XOM: give mutations
  7618 | D:8      | Gained mutation: You are agile. (Dex +2) [Xom's grace]
  7618 | D:8      | Gained mutation: You passively map a small area around you. [Xom's grace]
  7618 | D:8      | Gained mutation: Your skin changes colour to match your surroundings (Stealth+). [Xom's grace]
  7618 | D:8      | Gained mutation: You are covered in fur. (AC +1) [Xom's grace]
  7631 | D:8      | Killed Erica
  7665 | D:8      | XOM: give mutation
  7665 | D:8      | Gained mutation: You are very agile. (Dex +4) [Xom's mischief]
  7765 | D:8      | XOM: summons 1 hostile shadow creature
  7961 | D:8      | XOM is BORED!
  7961 | D:8      | XOM: give mutation
  7961 | D:8      | Lost mutation: You are frail. (-10% HP) [Xom's mischief]
  8029 | Lair:1   | Entered Level 1 of the Lair of Beasts
  8111 | Lair:1   | Noticed a spiny frog
  8119 | Lair:1   | XOM: potion effect (brilliance)
  8128 | Lair:1   | XOM: confusion
  8137 | Lair:1   | Lost mutation: You are very agile. (Dex +4) [potion of mutation]
  8137 | Lair:1   | Lost mutation: You are agile. (Dex +2) [potion of mutation]
  8137 | Lair:1   | Lost mutation: You passively map a small area around you. [potion of mutation]
  8137 | Lair:1   | Lost mutation: Your skin changes colour to match your surroundings (Stealth+). [potion of mutation]
  8137 | Lair:1   | Gained mutation: Your body sometimes deteriorates upon taking damage. [potion of mutation]
  8137 | Lair:1   | Gained mutation: You are dopey. (Int -2) [potion of mutation]
  8137 | Lair:1   | Gained mutation: You are mostly covered in molten scales. (AC +3) [potion of mutation]
  8139 | Lair:1   | HP: 4/91 [spiny frog (2)]
  8143 | Lair:1   | Killed a spiny frog
  8145 | Lair:1   | HP: 3/91 [poisoned by a spiny frog]
  8145 | Lair:1   | HP: 1/91 [yak (2)]
  8146 | Lair:1   | Succumbed to a spiny frog's poison

Skill      XL: |  1  2  3  4  5  6  7  8  9 |
---------------+----------------------------+-----
Axes           | 3 4 5 6 8 |  8.8
Fighting       | 4 5 6 8 10 12 | 12.8
Armour         | |  1.7
Dodging        | |  0.8

Action                   |  1- 3 |  4- 6 |  7- 9 | 10-12 || total
-------------------------+-------+-------+-------+-------++-------
Melee: Hand axe          |   103 |   201 |    50 |       ||   354
       Kick              |     6 |       |       |       ||     6
       Battleaxe         |       |       |   291 |    77 ||   368
Evoke: Wand              |       |       |     3 |       ||     3
  Use: Scroll            |       |       |     8 |     1 ||     9
       Potion            |       |       |     9 |    10 ||    19
 Stab: Paralysed         |       |     2 |       |       ||     2
       Confused          |       |       |     2 |       ||     2
       Invisible         |       |       |       |     1 ||     1
  Eat: Chunk             |       |     7 |    14 |       ||    21
       Ration            |       |       |       |     1 ||     1
Armor: Leather armour    |    49 |    71 |    29 |       ||   149
       Chain mail        |       |       |   136 |       ||   136
       Plate armour      |       |       |    54 |    38 ||    92
       Skin              |       |       |    18 |       ||    18
Dodge: Dodged            |    73 |   148 |   191 |    23 ||   435
Block: Other             |       |       |     7 |    13 ||    20
       Reflection        |       |       |     1 |       ||     1
